 Dungeon Crawl Stone Soup version 0.22-a0-355-g201945f (webtiles) character file.

212 Gildeon the Magician (level 5, -7/28 HPs)
             Began as a Deep Elf Fire Elementalist on Apr 17, 2018.
             Mangled by Tungsten's ghost (8 damage)
             ... on level 3 of the Dungeon.
             The game lasted 00:21:10 (3036 turns).

Gildeon the Magician (Deep Elf Fire Elementalist)   Turns: 3036, Time: 00:21:10

Health: -7/28      AC:  3    Str:  3 (5)  XL:     5   Next: 58%
Magic:  2/14       EV: 18    Int: 19 (21) God:
Gold:   100        SH:  0    Dex: 19 (20) Spells: 1/14 levels left

rFire    . . .     SeeInvis .   h - -3 spear (curse)
rCold    . . .     Gourm    .   (no shield)
rNeg     . . .     Faith    +   a - +1 robe
rPois    .         Spirit   .   (no helmet)
rElec    .         Reflect  .   (no cloak)
rCorr    .         Harm     .   (no gloves)
MR       .....                  (no boots)
Stlth    +++.......             i - amulet of faith
HPRegen  0.09/turn              (no ring)
MPRegen  0.14/turn              (no ring)

@: agile
A: no striking features
a: no special abilities


You were on level 3 of the Dungeon.
You were not hungry.

You visited 1 branch of the dungeon, and saw 3 of its levels.

You collected 100 gold pieces.

Inventory:

Hand Weapons
 f - a +1 war axe of flaming
 h - a cursed -3 spear (weapon)
Missiles
 g - 53 stones (quivered)
Armour
 a - a +1 robe (worn)
Jewellery
 i - an amulet of faith (around neck)
Potions
 l - a potion of agility
Comestibles
 c - 4 rations


   Skills:
 - Level 2.4 Dodging
 - Level 2.4 Stealth
 - Level 5.0 Spellcasting
 - Level 3.3 Conjurations
 + Level 1.0 Hexes
 - Level 5.0 Fire Magic


You had one spell level left.
You knew the following spells:

 Your Spells              Type           Power        Failure   Level  Hunger
a - Flame Tongue          Conj/Fire      ###..        2%          1    None
b - Throw Flame           Conj/Fire      ###...       3%          2    #......
c - Conjure Flame         Conj/Fire      ###.....     7%          3    ##.....
d - Inner Flame           Hex/Fire       ###.....     11%         3    ##.....
e - Sticky Flame          Conj/Fire      ###.....     22%         4    ####...


Dungeon Overview and Level Annotations

Branches:
Dungeon (3/15)

Altars:
Vehumet

Annotations:
D:3 Tungsten's ghost, amateur HuNe


Message History

Tungsten's ghost hits you. The goblin hits you with a dagger.
You feel agile all of a sudden.
Tungsten's ghost says, "I need your bones for a spell of mine."
Tungsten's ghost gestures at you while chanting.
You struggle to resist.
The goblin barely misses you.
You closely miss Tungsten's ghost.
Tungsten's ghost is almost destroyed.
Tungsten's ghost closely misses you. Tungsten's ghost hits you.
You hit Tungsten's ghost.
Tungsten's ghost is almost destroyed.
Tungsten's ghost hits you.
* * * LOW HITPOINT WARNING * * *
Tungsten's ghost gestures at you while chanting.
Pain shoots through your body!
* * * LOW HITPOINT WARNING * * *
It was a potion of degeneration.
There was something very wrong with that liquid.
You feel weakened.
You feel dopey.
You feel clumsy. Tungsten's ghost hits you!
You die...

#...........# #######
#.#########.# #.....#
#.#..# #.# #.###.#
#.#..######.# #<# #.#
#.#.......#.. ### #.#
#.##......... *******#.#
#.#........)# *,,,,,,#.#
#.#.#####.#..
*,,,,,,#@####.#.^......<.
*,,,,,,#.Wg..>...........
*,,,,,,####.....##.......
*,,,.?......#.#....######
*,,,....[...#.#.#..#*****
*,,,..♣♣♣♣♣.#.........,,,
*,,,,,*,**♣.###.......,,,
*,,,,,,,,,..#*#.......,,,
*********,♣..*##......,,,


You could see Tungsten's ghost (inner flame) and a goblin.

Vanquished Creatures
  2 orc priests (D:2)
  Terence (D:2)
  6 adders
  2 worms (D:2)
  2 dart slugs
  3 leopard geckos
  5 orcs
  2 ball pythons (D:2)
  4 giant cockroaches
  6 goblins
  4 hobgoblins
  2 jackals (D:2)
  7 kobolds
  5 bats
  5 frilled lizards
  A rat (D:2)
57 creatures vanquished.

Notes
Turn   | Place    | Note
-------+----------+-------------------------------------------
     0 | D:1      | Gildeon the Deep Elf Fire Elementalist began the quest for the Orb.
     0 | D:1      | Reached XP level 1. HP: 10/10 MP: 6/6
   174 | D:1      | Reached XP level 2. HP: 15/15 MP: 6/9
   180 | D:1      | Learned a level 2 spell: Throw Flame
  1043 | D:1      | Reached XP level 3. HP: 2/19 MP: 1/11
  1321 | D:1      | Learned a level 3 spell: Conjure Flame
  1325 | D:1      | Learned a level 3 spell: Inner Flame
  1332 | D:2      | Reached skill level 5 in Spellcasting
  1356 | D:2      | Noticed Terence
  1360 | D:2      | Killed Terence
  1612 | D:2      | Reached XP level 4. HP: 24/24 MP: 10/13
  1625 | D:2      | Learned a level 4 spell: Sticky Flame
  2013 | D:2      | Reached skill level 5 in Fire Magic
  2226 | D:2      | Reached XP level 5. HP: 16/28 MP: 11/14
  2912 | D:3      | Found a radiant altar of Vehumet.
  2952 | D:3      | Reached skill level 1 in Hexes
  2985 | D:3      | Noticed Tungsten's ghost (amateur HuNe)
  3035 | D:3      | HP: 1/28 [Tungsten's ghost/nerve-wracking pain (3)]
  3036 | D:3      | Mangled by Tungsten's ghost

Vault maps used:
D:1:      dpeg_arrival_lava_altar
D:2:      uniq_terence
D:3:      lemuel_crystal_altar, serial_forest, infiniplex_forest_clump_tiny,
          infiniplex_forest_clump_C, infiniplex_forest_lined_4_way,
          infiniplex_forest_lined_ring, infiniplex_forest_straight_4,
          infiniplex_forest_corner_1

Skill      XL: |  1  2  3  4  5 |
---------------+----------------+-----
Spellcasting   | 4 5 |  5.0
Fire Magic     | 4 5 |  5.0
Conjurations   | 2 3 |  3.3
Hexes          | 1 |  1.0
Dodging        | |  2.4
Stealth        | |  2.4

Action                   |  1- 3 |  4- 6 || total
-------------------------+-------+-------++-------
Melee: Spear             |     1 |     6 ||     7
 Cast: Flame Tongue      |    45 |    86 ||   131
       Inner Flame       |       |     3 ||     3
  Use: Scroll            |     2 |     5 ||     7
       Potion            |     1 |     2 ||     3
  Eat: Ration            |     1 |     1 ||     2
       Chunk             |     1 |       ||     1
Armor: Robe              |     5 |     6 ||    11
Dodge: Dodged            |    13 |    46 ||    59

Table legend:
 A = Spawn XP
 B = Non-spawn XP
 C = Spawn XP percentage of total XP
 D = Spawn monster count
 E = Non-spawn monster count
 F = Spawn count percentage of total count
 G = Total turns spent on level
                    A         B        C        D         E        F      G
               +---------+---------+-------+---------+---------+-------+---------
         Total |       0 |     304 |   0.0 |       0 |      57 |   0.0 |  3036
               +---------+---------+-------+---------+---------+-------+---------
           D:1 |       0 |      37 |   0.0 |       0 |      13 |   0.0 |  1499
           D:2 |       0 |     251 |   0.0 |       0 |      42 |   0.0 |  1393
           D:3 |       0 |      16 |   0.0 |       0 |       2 |   0.0 |   144
               +---------+---------+-------+---------+---------+-------+---------
